 Dungeon Crawl Stone Soup version 0.31-a0-234-gad7ace16ef (webtiles) character file.

Game seed: 6864897553167337919

61 qw the Shooter (level 3, -2/29 HPs)
             Began as a Minotaur Hexslinger on July 9, 2023.
             Slain by Natasha (3 damage)
             ... on level 2 of the Dungeon.
             The game lasted 00:00:33 (1137 turns).

qw the Shooter (Minotaur Hexslinger)                Turns: 1137, Time: 00:00:33

Health: -2/29      AC:  3    Str: 12    XL:     3   Next: 83%
Magic:  3/3        EV: 12    Int: 10    God:
Gold:   71         SH:  0    Dex: 14    Spells: 3/4 levels left

rFire   . . .        Y - +1 sling
rCold   . . .        (no shield)
rNeg    . . .        i - +0 leather armour
rPois   .            (helmet restricted)
rElec   .            (no cloak)
rCorr   .            (no gloves)
SInv    .            (no boots)
Will    .....        (no amulet)
Stlth   +            (no ring)
HPRegen 0.24/turn    (no ring)
MPRegen 0.08/turn

%: no passive effects
@: about to teleport, slowed, very slow
A: horns 2, retaliatory headbutt
a: no special abilities


You were on level 2 of the Dungeon.
You visited 1 branch of the dungeon, and saw 2 of its levels.

You collected 71 gold pieces.


Innate Abilities, Weirdness & Mutations

You have a pair of horns on your head.
You reflexively headbutt those who attack you in melee.


   Skills:
 - Level 2.0 Fighting
 + Level 4.4 Ranged Weapons
 - Level 2.1 Dodging
 - Level 1.0 Spellcasting
 - Level 2.0 Hexes


You had 3 spell levels left.
You knew the following spells:

 Your Spells              Type           Power      Damage    Failure   Level
a - Slow                  Hex            16%        N/A       19%         1

Your spell library contained the following spells:

 Spells                   Type           Power      Damage    Failure   Level
 Inner Flame              Hex/Fire       2%         N/A       65%         3
 Portal Projectile        Hex/Tloc       4%         N/A       65%         3
 Cause Fear               Hex            2%         N/A       88%         4

Inventory:

Hand Weapons
 Y - a +1 sling (weapon)
Armour
 d - a +2 hat
 e - a +0 ring mail
 i - a +0 leather armour (worn)
Scrolls
 a - a scroll of enchant armour
 c - a scroll of fog {unknown}
Potions
 f - a potion of haste {unknown}
 g - a potion of attraction {unknown}

Dungeon Overview and Level Annotations

Branches:
Dungeon (2/15)

Altars:

Annotations:
D:2 Natasha


Message History

The sling bullet hits Natasha but does no damage.
Natasha casts a spell at you. The magic dart hits you.
1129 ||| FLEEEEING.
Natasha wildly gestures.
You feel troubled.
1130 ||| FLEEEEING.
Natasha stares at you and mumbles some strange words.
You feel yourself slow down.
Enter note:
Enter note:
Enter note: You shoot a sling bullet.
The sling bullet barely misses Natasha.
You shoot a sling bullet. The sling bullet hits Natasha.
Natasha is heavily wounded.
You shoot a sling bullet. The sling bullet hits Natasha.
Natasha is heavily wounded.
Natasha casts a spell.
You shoot a sling bullet. The sling bullet hits the cerulean imp.
The cerulean imp is moderately wounded.
The cerulean imp hits you with a +3 spear.
Natasha closely misses you.
You shoot a sling bullet. The sling bullet hits Natasha.
Natasha is severely wounded.
The cerulean imp closely misses you. Natasha claws you but does no damage.
The cerulean imp closely misses you. Natasha closely misses you.
You shoot a sling bullet.
The sling bullet closely misses Natasha.
The cerulean imp hits you with a +3 spear.
Natasha claws you.
The cerulean imp hits you with a +3 spear.
Natasha claws you.
1137 ||| READING scroll of teleportation.
As you read the scroll of teleportation, it crumbles to dust.
You feel strangely unstable.
The cerulean imp hits you with a +3 spear.
Natasha claws you.
The cerulean imp hits you but does no damage.
Natasha claws you.
You die...

#...#######.#
#............
##
#...........#
.. #..#########
#! #........#
#. #.#.####.#
######.####.#.#
#........5..#.#
........h@.##.#
..####.###.##.#
#. #...<. #.
####.. #. ####
.. ##


You could see Natasha and a cerulean imp (summoned).

Vanquished Creatures
  Natasha (D:2)
  A dart slug (D:2)
  An endoplasm (D:1)
  2 giant cockroaches (D:1)
  2 goblins (D:1)
  4 hobgoblins
  3 jackals (D:1)
  2 kobolds (D:1)
  A quokka (D:1)
  3 ball pythons (D:1)
  5 bats (D:1)
  2 frilled lizards (D:1)
  4 rats (D:1)
31 creatures vanquished.

Notes
Turn   | Place    | Note
-------+----------+-------------------------------------------
     0 | D:1      | qw the Minotaur Hexslinger began the quest for the Orb.
     0 | D:1      | Reached XP level 1. HP: 16/16 MP: 1/1
     0 | D:1      | 0 ||| qw: Version: 0.3-a-51-g015441d
     0 | D:1      | 0 ||| qw: Game counter: 4365
     0 | D:1      | 0 ||| qw: Melee chars always use a shield: true
     0 | D:1      | 0 ||| qw: God list: Okawaru
     0 | D:1      | 0 ||| qw: Allow faded altars: false
     0 | D:1      | 0 ||| qw: Do Orc after clearing Dungeon:15 true
     0 | D:1      | 0 ||| qw: Do second Lair branch before Depths: true
     0 | D:1      | 0 ||| qw: Lair rune preference: random
     0 | D:1      | 0 ||| qw: Goals: Normal
     0 | D:1      | 0 ||| PLANNING D:1-11
    27 | D:1      | 27 ||| FLEEEEING.
    31 | D:1      | 31 ||| FLEEEEING.
    32 | D:1      | 32 ||| FLEEEEING.
    33 | D:1      | 33 ||| FLEEEEING.
   180 | D:1      | Reached skill level 3 in Ranged Weapons
   241 | D:1      | Reached XP level 2. HP: 21/23 MP: 2/2
   680 | D:1      | Reached XP level 3. HP: 29/29 MP: 3/3
   834 | D:1      | 834 ||| UPGRADING to +0 leather armour.
   844 | D:1      | 844 ||| DROPPING +0 robe.
   845 | D:1      | 845 ||| READING scroll labelled WEAPUFF RECE.
   846 | D:1      | 846 ||| READING scroll labelled ONGEOJ CEXAN.
   847 | D:1      | 847 ||| READING scroll labelled HETZIA VUTONT.
   850 | D:1      | 850 ||| DROPPING scroll of poison.
   955 | D:2      | Noticed Natasha
   960 | D:2      | Killed Natasha
   961 | D:2      | Reached skill level 4 in Ranged Weapons
  1127 | D:2      | Noticed Natasha
  1129 | D:2      | 1129 ||| FLEEEEING.
  1130 | D:2      | 1130 ||| FLEEEEING.
  1136 | D:2      | HP: 6/29 [Natasha (5)]
  1137 | D:2      | 1137 ||| READING scroll of teleportation.
  1137 | D:2      | HP: 2/29 [cerulean imp/+3 spear[Natasha] (4)]
  1137 | D:2      | Slain by Natasha

Levels and vault maps discovered:
D:1:      wander_arrival_fairy_ring, layout_loops_ring
D:2:      layout_loops_ring, serial_shops, shop, minmay_nonomino_d4,
          uniq_jessica, uniq_natasha

Skill      XL: |  1  2  3 |
---------------+----------+-----
Ranged Weapons | 3 4 |  4.4
Fighting       | 2 |  2.0
Dodging        | |  2.1
Spellcasting   | |  1.0
Hexes          | |  2.0

Action                     || total
---------------------------++-------
   Fire: Sling             ||   131
    Use: Scroll            ||     4
 Armour: Robe              ||    10
         Leather armour    ||     5
  Dodge: Dodged            ||    42

Table legend:
 A = Non-vault XP
 B = Vault XP
 C = Vault XP percentage of total XP
 D = Non-vault monster count
 E = Vault monster count
 F = Vault count percentage of total count
                 A         B        C        D         E       F
            +---------+---------+-------+---------+---------+-------
      Total |      51 |      37 |  42.0 |      30 |       1 |   3.2
            +---------+---------+-------+---------+---------+-------
        D:1 |      43 |       0 |   0.0 |      27 |       0 |   0.0
        D:2 |       8 |      37 |  82.2 |       3 |       1 |  25.0
            +---------+---------+-------+---------+---------+-------
